 Dungeon Sprint DCSS version 0.29.1-12-g30fa7ad0bf (webtiles) character file.

Game seed: 8792685912850833026

349 112233 the Fighter (level 6, -3/60 HPs)
             Began as an Octopode Fighter on Dec 25, 2022.
             Was an Initiate of Jiyva.
             Slain by a vampire (7 damage)
             ... in the Dungeon (Sprint IX: "|||||||||||||||||||||||||||||").
             The game lasted 00:01:23 (438 turns).

112233 the Fighter (Octopode Fighter)                Turns: 438, Time: 00:01:23

Health: -3/60      AC:  3    Str: 19    XL:     6   Next: 60%
Magic:  6/6        EV: 13    Int: 10    God:    Jiyva [......]
Gold:   0          SH:  0    Dex: 13    Spells: 5/5 levels left

rFire   . . .      SeeInvis .   l - +2 scimitar (vorpal)
rCold   . . .      Faith    .   b - +0 buckler
rNeg    . . .      Spirit   .   (helmet restricted)
rPois   .          Reflect  .   (no amulet)
rElec   .          Harm     .   m - +3 ring of strength
rCorr   .          Rampage  .   n - +2 ring of protection
Will    .....      NoTele   +   (no ring)
Stlth   ++........              (no ring)
HPRegen 0.20/turn               (no ring)
MPRegen 0.10/turn               (no ring)
                                (no ring)
                                (no ring)

@: confused, mighty, invisible
A: almost no armour, amphibious, 8 rings, camouflage 1, gelatinous body 1,
(nimble swimmer 1), tentacles
a: Renounce Religion


You were in the Dungeon.
You worshipped Jiyva.
Jiyva was noncommittal.
You visited 1 branch

Inventory:

Hand Weapons
 a - a +0 long sword
 l - a +2 vorpal scimitar (weapon)
Armour
 b - a +0 buckler (worn)
Jewellery
 m - a +3 ring of strength (left tentacle)
 n - a +2 ring of protection (right tentacle)
Wands
 k - a wand of roots (10)
Scrolls
 i - 2 scrolls of blinking
 j - 2 scrolls of amnesia
Potions
 f - a potion of haste
 g - 4 potions of magic


   Skills:
 + Level 13.6 Fighting
 - Level 2.0 Long Blades
 - Level 3.1 Dodging
 - Level 3.1 Shields


You had 5 spell levels left.
You didn't know any spells.
Your spell library was empty.

Dungeon Overview and Level Annotations

Branches:
Dungeon (1/1)

Altars:
Cheibriados
Dithmenos
Elyvilon
Fedhas
Gozag
Hepliaklqana
Kikubaaqudgha
Makhleb
Nemelex Xobeh
Okawaru
Qazlal
Ru
Sif Muna
Trog
Uskayaw
Vehumet
Wu Jian
Xom
Yredelemnul
Zin
The Shining One
Jiyva
Lugonu


Innate Abilities, Weirdness & Mutations

You cannot wear most types of armour.
You are amphibious.
You can wear up to eight rings at the same time.
Your skin changes colour to match your surroundings (Stealth+).
Your rubbery body absorbs attacks. (AC +1, EV +1)
((You are camouflaged when in or above water. (Stealth+)))
You have tentacles for arms and can constrict up to eight enemies at once.


Message History

You feel very mighty all of a sudden.
You hear some strange, mumbled words.
Something tries to affect you, but you resist.
You hit something.
You feel yourself speed up. Something hits you! Something bites you!
* * * LOW HITPOINT WARNING * * *
Something draws strength from your injuries!
Something hits you but does no damage. Something bites you.
* * * LOW HITPOINT WARNING * * *
Something draws strength from your injuries!
You feel better.
You hear some strange, mumbled words.
You are confused.
Unknown command.
You feel better.
You hear some strange, mumbled words.
You are confused.
Unknown command.
Okay, then.
You are too confused!
Unknown command.
You are too confused!
You're too confused to aim your attacks!
Unknown command.
You are too confused!
Unknown command.
You slash something! Something hits you. Something bites you!
* * * LOW HITPOINT WARNING * * *
Something draws strength from your injuries!
Something hits you.
* * * LOW HITPOINT WARNING * * *
Something bites you.
* * * LOW HITPOINT WARNING * * *
Something draws strength from your injuries!
You bump into the unnaturally hard rock wall.
Something hits you.
* * * LOW HITPOINT WARNING * * *
Something bites you!
You die... ▓▓▓▓▓▓▓▓▓▓▓▓▓▓▓▓▓▓▓▓▓▓▓▓ ______'..).[[[..@{yYYW.+ ▓▓▓▓▓▓▓▓▓▓▓▓▓▓▓▓▓▓▓▓▓▓▓▓

You could see 2 yaks, a wraith and a killer bee (unable to see you).

Vanquished Creatures
  A hornet (D)
  A scorpion (D)
  A jelly (D)
  An iguana (D)
  An orc wizard (D)
  An ufetubus (D)
  An endoplasm (D)
  A quokka (D)
  2 bats (D)
  A goblin (D)
11 creatures vanquished.

Vanquished Creatures (others)
  An ironbound convoker (D)
  A culicivora (shapeshifter) (D)
  A swamp worm (shapeshifter) (D)
3 creatures vanquished.

Grand Total: 14 creatures vanquished

Notes
Turn   | Place    | Note
-------+----------+-------------------------------------------
     0 | D        | 112233 the Octopode Fighter began the quest for the Orb.
     0 | D        | Reached XP level 1. HP: 16/16 MP: 1/1
    12 | D        | Reached skill level 4 in Fighting
   114 | D        | Noticed an iguana
   114 | D        | Noticed a jelly
   114 | D        | Noticed a scorpion
   114 | D        | Noticed an orc wizard
   123 | D        | Killed an iguana
   124 | D        | Reached skill level 6 in Fighting
   124 | D        | Reached XP level 2. HP: 23/26 MP: 2/2
   124 | D        | Reached XP level 3. HP: 27/31 MP: 3/3
   126 | D        | Reached skill level 8 in Fighting
   126 | D        | Reached XP level 4. HP: 32/39 MP: 4/4
   133 | D        | Killed a scorpion
   134 | D        | Reached skill level 10 in Fighting
   134 | D        | Reached XP level 5. HP: 26/47 MP: 5/5
   185 | D        | Found a snail-covered altar of Cheibriados.
   185 | D        | Found a shadowy altar of Dithmenos.
   185 | D        | Found a white marble altar of Elyvilon.
   185 | D        | Found a blossoming altar of Fedhas.
   185 | D        | Found an opulent altar of Gozag.
   186 | D        | Found a hazy altar of Hepliaklqana.
   187 | D        | Found a viscous altar of Jiyva.
   188 | D        | Found an ancient bone altar of Kikubaaqudgha.
   189 | D        | Found a corrupted altar of Lugonu.
   190 | D        | Found a burning altar of Makhleb.
   191 | D        | Found a sparkling altar of Nemelex Xobeh.
   192 | D        | Found an iron altar of Okawaru.
   193 | D        | Found a stormy altar of Qazlal.
   194 | D        | Found a sacrificial altar of Ru.
   195 | D        | Became a worshipper of Jiyva Jisav the Shapeless
   197 | D        | Killed an ironbound convoker
   201 | D        | Killed a culicivora
   201 | D        | Killed a swamp worm
   373 | D        | Found a shimmering blue altar of Sif Muna.
   374 | D        | Found a bloodstained altar of Trog.
   383 | D        | Found a hide-covered altar of Uskayaw.
   384 | D        | Found a radiant altar of Vehumet.
   385 | D        | Found an ornate altar of the Wu Jian Council.
   386 | D        | Found a shimmering altar of Xom.
   387 | D        | Found a basalt altar of Yredelemnul.
   388 | D        | Found a glowing silver altar of Zin.
   389 | D        | Found a glowing golden altar of the Shining One.
   419 | D        | Noticed a hornet
   419 | D        | Noticed a vampire
   419 | D        | Noticed a yak
   419 | D        | Noticed a yak
   419 | D        | Noticed a wraith
   421 | D        | Paralysed by a hornet for 3 turns
   430 | D        | Killed a hornet
   431 | D        | Reached skill level 13 in Fighting
   431 | D        | Reached XP level 6. HP: 31/60 MP: 6/6
   438 | D        | Slain by a vampire

Illustrated notes

Levels and vault maps discovered:
D:        linesprint [early_d, line_temple, items_1, d_10, items_2, lair_1,
          lair_end, items_3, orc_1, orc_end, items_4, d_15, swamp_1, shoals_1,
          snake_1, spider_1, d_20, vaults_1, items_5, swamp_end, shoals_end,
          snake_end, spider_end, vaults_end, d_27, items_6, zot_1, zot_end,
          crypt_end, forest_end, elf_end, slime_end, tomb_end, abyss_end,
          pan_hell_end]

Skill      XL: |  1  2  3  4  5 |
---------------+----------------+-----
Fighting       | 6 8 10 13 | 13.6
Long Blades    | |  2.0
Dodging        | |  3.1
Shields        | |  3.1

Action                   |  1- 3 |  4- 6 || total
-------------------------+-------+-------++-------
Melee: Long sword        |    21 |    16 ||    37
       Constrict         |     3 |     3 ||     6
       Tentacles         |     3 |     1 ||     4
       Punch             |       |     2 ||     2
       Scimitar          |       |     8 ||     8
  Use: Potion            |     2 |     9 ||    11
 Stab: Sleeping          |     1 |       ||     1
       Invisible         |       |     1 ||     1
Armor: Skin              |       |     3 ||     3
Dodge: Dodged            |    17 |    15 ||    32
Block: Buckler           |     6 |     3 ||     9
